 Dungeon Crawl Stone Soup version 0.29-a0-330-g52719c12eb (webtiles) character file.

Game seed: 605323805987646258

1803 gruber the Destroyer (level 8, -5/41 HPs)
             Began as a Deep Elf Conjurer on May 1, 2022.
             Slain by a two-headed ogre
             ... wielding a +0 dire flail
              (12 damage)
             ... on level 6 of the Dungeon.
             The game lasted 00:10:40 (7566 turns).

gruber the Destroyer (Deep Elf Conjurer)            Turns: 7566, Time: 00:10:41

Health: -5/41      AC:  4    Str:  4    XL:     8   Next: 83%
Magic:  5/16       EV: 14    Int: 26    God:
Gold:   222        SH:  7    Dex: 13    Spells: 12/15 levels left

rFire   . . .      SeeInvis .   o - +2 dagger (freeze)
rCold   . . .      Faith    .   u - +2 buckler
rNeg    . . .      Spirit   .   a - +0 robe
rPois   .          Reflect  .   (no helmet)
rElec   .          Harm     .   i - +0 cloak
rCorr   +          Rampage  .   (no gloves)
Will    .....                   m - +0 pair of boots
Stlth   ++........              (no amulet)
HPRegen 0.13/turn               p - ring of resist corrosion
MPRegen 0.15/turn               (no ring)

@: no status effects
A: no striking features
a: no special abilities


You were on level 6 of the Dungeon.
You visited 2 branches of the dungeon, and saw 8 of its levels.

You collected 222 gold pieces.

Inventory:

Hand Weapons
 o - a +2 dagger of freezing (weapon)
 s - a +2 dagger of speed
Missiles
 z - 4 curare-tipped darts
Armour
 a - a +0 robe (worn)
 i - a +0 cloak (worn)
 m - a +0 pair of boots (worn)
 u - a +2 buckler (worn)
Magical Staves
 A - a staff of death
Jewellery
 p - a ring of resist corrosion (left hand)
Wands
 D - a wand of iceblast (10)
 G - a wand of flame (11)
Scrolls
 e - a scroll of magic mapping {unknown}
 f - 2 scrolls of vulnerability {unknown}
 g - 2 scrolls of teleportation {unknown}
 h - 2 scrolls of summoning {unknown}
 l - a scroll of blinking {unknown}
 q - a scroll of holy word {unknown}
 t - 2 scrolls of immolation {unknown}
 v - a scroll of enchant armour {unknown}
 w - a scroll of noise {unknown}
 x - 4 scrolls of amnesia {unknown}
 y - 2 scrolls of fog {unknown}
 B - a scroll of enchant weapon {unknown}
 E - a scroll of fear {unknown}
Potions
 b - a potion of magic
 c - a potion of mutation
 d - a potion of heal wounds
 j - a potion of berserk rage
 k - a potion of flight
 n - 4 potions of lignification
 r - 2 potions of haste
 C - a potion of cancellation {unknown}
 F - a potion of curing {unknown}


   Skills:
 * Level 6.5 Dodging
 - Level 2.4 Stealth
 - Level 5.0 Shields
 - Level 4.1 Spellcasting
 - Level 9.0 Conjurations
 - Level 3.7 Hexes
 - Level 0.1 Poison Magic


You had 12 spell levels left.
You knew the following spells:

 Your Spells              Type           Power      Damage    Failure   Level
a - Magic Dart            Conj           100%       1d8       1%          1
b - Searing Ray           Conj           100%       2d8       1%          2

Your spell library contained the following spells:

 Spells                   Type           Power      Damage    Failure   Level
 Shock                    Conj/Air       100%       1d9       1%          1
 Dazzling Flash           Conj/Hex       76%        N/A       2%          3
 Fulminant Prism          Conj/Hex       19%        3d11      8%          4
 Beastly Appendage        Tmut           10%        N/A       11%         1
 Wereblood                Tmut           5%         N/A       16%         2
 Portal Projectile        Hex/Tloc       30%        N/A       16%         3
 Iskenderun's Mystic Bla  Conj/Tloc      29%        2d7       16%         4
 Spider Form              Tmut/Pois      5%         N/A       30%         3
 Swiftness                Air            5%         N/A       32%         3
 Airstrike                Air            2%         N/A       71%         4
 Blade Hands              Tmut           2%         N/A       96%         5
 Excruciating Wounds      Necr           2%         N/A       96%         5


Dungeon Overview and Level Annotations

Branches:
Dungeon (7/15)             Temple (1/1) D:4

Altars:
Ashenzari
Cheibriados
Elyvilon
Fedhas
Gozag
Hepliaklqana
Makhleb
Nemelex Xobeh
Qazlal
Ru
Uskayaw
Wu Jian
Xom
Yredelemnul
Zin
The Shining One

Shops:
D:2 ?   D:6 (:


Message History

Aim: a two-headed ogre, wielding a +0 dire flail and a +0 giant club (asleep, 100% to hit)
The searing ray hits the two-headed ogre.
The two-headed ogre is lightly wounded. (Press . to maintain the ray.)
The searing ray misses the two-headed ogre.
The searing ray hits the two-headed ogre!
The two-headed ogre is moderately wounded.
You finish channelling your searing ray.
Casting: Searing Ray (safe; 1% risk of failure)
Confirm with . or Enter, or press ? or * to list all spells.
Aiming: Searing Ray (safe; 1% risk of failure)
Press: ? - help, Shift-Dir - straight line, f/p - two-headed ogre
Aim: a two-headed ogre, wielding a +0 dire flail and a +0 giant club (moderately wounded, 92% to hit)
The searing ray hits the two-headed ogre!
The two-headed ogre is moderately wounded. (Press . to maintain the ray.)
You block the two-headed ogre's attack. The two-headed ogre barely misses you.
The searing ray hits the two-headed ogre!
The two-headed ogre is heavily wounded.
You block the two-headed ogre's attack. The two-headed ogre barely misses you.
The searing ray hits the two-headed ogre!
The two-headed ogre is severely wounded.
The searing ray hits the two-headed ogre but does no damage.
The two-headed ogre is severely wounded.
You finish channelling your searing ray.
The two-headed ogre hits you with a +0 dire flail!!
Ouch! That really hurt!
You block the two-headed ogre's attack.
Casting: Searing Ray (safe; 1% risk of failure)
Confirm with . or Enter, or press ? or * to list all spells.
Aiming: Searing Ray (safe; 1% risk of failure)
Press: ? - help, Shift-Dir - straight line, f/p - two-headed ogre
Aim: a two-headed ogre, wielding a +0 dire flail and a +0 giant club (severely wounded, 92% to hit)
The searing ray hits the two-headed ogre!
The two-headed ogre is almost dead. (Press . to maintain the ray.)
The two-headed ogre hits you with a +0 dire flail!
* * * LOW HITPOINT WARNING * * *
The two-headed ogre hits you with a +0 giant club!
You die...

##'## ..... #......
#.# ........#
#.##### #####.#
#........ #.# ##
......## #........#
#.# #. ####)..##
#......#.# #.# #.
###.....# .. #.# #.
.###...##### .#
#.####.
...........######O#
#......
####..##........@.#
#######
#..##...########
####..######
......# #######
#####.# #.....[
####.# ###.####.
##....# #....<.#.
#.....##########
#.#.##.#.
............)..#
#.#......


You could see a two-headed ogre.

Vanquished Creatures
  Eustachio (D:6)
  Menkaure (D:4)
  2 sky beasts (D:6)
  An ogre (D:5)
  A centaur (D:6)
  2 phantoms
  A bullfrog (D:6)
  A necrophage (D:4)
  2 scorpions
  5 killer bees (D:4)
  A howler monkey (D:2)
  3 hounds
  3 orc priests
  Jessica (D:2)
  2 iguanas
  6 orc wizards
  4 adders
  An ufetubus (D:4)
  2 worms (D:5)
  3 dart slugs
  13 orcs
  2 endoplasms
  2 giant cockroaches
  7 goblins
  9 hobgoblins
  2 jackals (D:2)
  6 kobolds
  3 quokkas (D:1)
  7 ball pythons
  4 bats
  5 frilled lizards
  8 rats
111 creatures vanquished.

Notes
Turn   | Place    | Note
-------+----------+-------------------------------------------
     0 | D:1      | gruber the Deep Elf Conjurer began the quest for the Orb.
     0 | D:1      | Reached XP level 1. HP: 10/10 MP: 6/6
   138 | D:1      | Reached XP level 2. HP: 15/15 MP: 6/8
   303 | D:1      | Reached skill level 5 in Conjurations
  1399 | D:2      | Reached XP level 3. HP: 19/19 MP: 7/10
  1402 | D:2      | Learned a level 2 spell: Searing Ray
  1463 | D:2      | Found a faded altar of an unknown god.
  1564 | D:2      | Noticed Jessica
  1568 | D:2      | Killed Jessica
  1692 | D:2      | Found Deteucen's Magic Scroll Emporium.
  1705 | D:2      | Reached XP level 4. HP: 24/24 MP: 6/12
  1761 | D:2      | Reached skill level 6 in Conjurations
  1835 | D:2      | Found an opulent altar of Gozag.
  2842 | D:3      | Reached XP level 5. HP: 28/28 MP: 9/13
  3029 | D:3      | Found a blossoming altar of Fedhas.
  3038 | D:3      | Found an opulent altar of Gozag.
  3386 | D:4      | Found a staircase to the Ecumenical Temple.
  3447 | D:4      | Reached skill level 1 in Shields
  3536 | D:4      | Noticed Menkaure
  3684 | D:4      | Killed Menkaure
  3685 | D:4      | Reached XP level 6. HP: 32/32 MP: 9/14
  4086 | D:4      | Reached XP level 7. HP: 23/36 MP: 7/15
  4506 | D:4      | Reached skill level 5 in Shields
  4786 | Temple   | Entered the Ecumenical Temple
  4876 | D:5      | Entered Level 5 of the Dungeon
  4968 | D:5      | You fall into a shaft and drop 2 floors!
  5032 | D:6      | Noticed Eustachio
  5040 | D:6      | Killed Eustachio
  5265 | D:6      | Identified the +1 ring mail of Complete Protection
                  | {Rampage}
  5283 | D:6      | Found Asaicrul's Book Shop.
  5429 | D:6      | Reached skill level 7 in Conjurations
  5474 | D:5      | Reached XP level 8. HP: 41/41 MP: 11/16
  5804 | D:5      | Reached skill level 8 in Conjurations
  6130 | D:5      | Reached skill level 9 in Conjurations
  6637 | D:6      | Found Ralilyam's Antique Weapon Emporium.
  7001 | D:6      | Reached skill level 5 in Dodging
  7465 | D:6      | Noticed a two-headed ogre
  7566 | D:6      | Slain by a two-headed ogre

Illustrated notes

Levels and vault maps discovered:
D:1:      psy_arrival_conway, layout_basic, serial_park_tiny_2,
          minmay_misc_feat_alley, roderic_lattice_a
D:2:      layout_basic, ebering_ecumenical_altar_mist, basic_altar,
          serial_shops, nicolae_shop_trees, uniq_jessica
D:3:      layout_basic, mainiacjoe_overflow_swirl, serial_aquarium,
          aquarium_bridge_square [aquarium_subvault_wall,
          aquarium_subvault_bridge, aquarium_subvault_wall,
          aquarium_subvault_window], aquarium_window_fake,
          aquarium_window_double, aquarium_window_2, aquarium_window_2,
          aquarium_view_2c, aquarium_balcony_5a, nicolae_elevator_lobby_asterisk
D:4:      layout_gridville, minmay_temple_entry_grid, chequers_big_river,
          uniq_menkaure
D:5:      layout_loops_cross, dk_rats_in_the_wall
D:6:      layout_loops_corners, serial_shops, shop, shop, uniq_eustachio
D:7:      layout_layer_cave, grunt_temple_overflow_open
Temple:   zaba_magenta_temple

Skill      XL: |  1  2  3  4  5  6  7  8 |
---------------+-------------------------+-----
Conjurations   | 5 6 7 9 |  9.0
Spellcasting   | 4 |  4.1
Shields        | 2 4 5 |  5.0
Hexes          | 3 |  3.7
Dodging        | 6 |  6.5
Stealth        | |  2.4
Poison Magic   | |  0.1

Action                   |  1- 3 |  4- 6 |  7- 9 || total
-------------------------+-------+-------+-------++-------
Melee: Dagger            |     6 |     1 |     4 ||    11
 Cast: Magic Dart        |    49 |    36 |    45 ||   130
       Searing Ray       |     1 |    10 |    32 ||    43
  Use: Scroll            |       |       |     6 ||     6
Armor: Robe              |       |     6 |     7 ||    13
Dodge: Dodged            |    10 |     4 |    20 ||    34
Block: Buckler           |       |     8 |    14 ||    22

Table legend: (Time is in decaauts)
 A = Elapsed time spent in this place.
 B = Non-inter-level travel time spent in this place.
 C = Inter-level travel time spent in this place.
 D = Time resting spent in this place.
 E = Time spent auto-exploring this place.
 F = Levels seen in this place.
 G = Mean time per level.
                   A        B        C        D        E       F      G
               +--------+--------+--------+--------+--------+-----+--------+
         Total |   7575 |   7104 |    471 |    111 |   6347 |   8 |  946.9 |
       Dungeon |   7502 |   7051 |    451 |    111 |   6297 |   7 | 1071.7 |
        Temple |     73 |     54 |     19 |      0 |     50 |   1 |   73.0 |
               +--------+--------+--------+--------+--------+-----+--------+

Top non-repeatable levels by time:
     D:4: 1452 daAuts
     D:6: 1415 daAuts
     D:1: 1302 daAuts
     D:3: 1263 daAuts
     D:5: 1251 daAuts
     D:2: 794 daAuts
  Temple: 73 daAuts
     D:7: 21 daAuts
